 Seeded DCSS version 0.30-a0-359-gd0147acb1a (webtiles) character file.

Game seed: 11875864161840823782 (custom seed)

35 purpskrrrp the Grasshopper (level 3, 0/30 HPs)
             Began as a Demigod Warper on Nov 11, 2022.
             Slain by a gnoll
             ... wielding a +0 flail
              (3 damage)
             ... on level 2 of the Dungeon.
             The game lasted 00:04:25 (1026 turns).

purpskrrrp the Grasshopper (Demigod Warper)         Turns: 1026, Time: 00:04:25

Health: 0/30       AC:  6    Str: 12    XL:     3   Next: 2%
Magic:  17/17      EV: 12    Int: 13    God:
Gold:   45         SH:  0    Dex: 17    Spells: 5/5 levels left

rFire   + + .      SeeInvis .    a - +1 falchion
rCold   . . .      Faith    .    (no shield)
rNeg    . . .      Spirit   .    b - +0 leather armour
rPois   .          Reflect  .    (no helmet)
rElec   .          Harm     .    (no cloak)
rCorr   .          Rampage  .    f - +2 pair of gloves of Hihoet {rF+ Will+++ MP+9 Int-2}
Will    +++..                    (no boots)
Stlth   +.........               (no amulet)
HPRegen 0.25/turn                e - ring of protection from fire
MPRegen 0.15/turn                (no ring)

@: no status effects
A: high MP 1, forlorn, divine attributes
a: no special abilities


You were on level 2 of the Dungeon.
You visited 1 branch of the dungeon, and saw 2 of its levels.

You collected 45 gold pieces.

Inventory:

Hand Weapons
 a - a +1 falchion (weapon)
Missiles
 d - 4 boomerangs of dispersal
Armour
 b - a +0 leather armour (worn)
 f - the +2 pair of gloves of Hihoet (worn) {rF+ Will+++ MP+9 Int-2}
   (You acquired it on level 1 of the Dungeon)

   Int:       It affects your intelligence (-2).
   rF:        It protects you from fire.
   MP:        It affects your magic capacity (+9).
   Will:      It greatly increases your willpower.
Jewellery
 e - a ring of protection from fire (left hand)
Scrolls
 g - 3 scrolls of identify


   Skills:
 + Level 2.6 Fighting
 + Level 2.6 Long Blades
 - Level 0.8 Throwing
 - Level 0.8 Armour
 - Level 1.7 Dodging
 - Level 1.7 Spellcasting
 - Level 2.6 Translocations


You had 5 spell levels left.
You didn't know any spells.
Your spell library contained the following spells:

 Spells                   Type           Power      Damage    Failure   Level
 Blink                    Tloc           16%        N/A       17%         2
 Lesser Beckoning         Tloc           16%        N/A       32%         3
 Teleport Other           Tloc           8%         N/A       32%         3
 Vhi's Electric Charge    Tloc/Air       8%         N/A       50%         3
 Manifold Assault         Tloc           8%         N/A       73%         4


Dungeon Overview and Level Annotations

Branches:
Dungeon (2/15)


Innate Abilities, Weirdness & Mutations

You have an increased reservoir of magic. (+10% MP)
You shall have no god before yourself.
Your divine heritage dramatically boosts your attributes as you level up.


Message History

The gnoll hits you with a +0 spear!
You barely miss the gnoll. The gnoll hits you but does no damage.
You barely miss the gnoll. The gnoll hits you with a +0 spear.
You barely miss the gnoll. The gnoll barely misses you.
You hit the gnoll.
The gnoll is moderately wounded.
The gnoll barely misses you. The gnoll hits you with a +0 spear.
You hit the gnoll.
The gnoll is heavily wounded.
The gnoll barely misses you. x2; The gnoll hits you but does no damage.
The gnoll barely misses you.
You barely miss the gnoll.
The gnoll is heavily wounded.
The gnoll closely misses you. The gnoll misses you.
You barely miss the gnoll.
The gnoll is heavily wounded.
The gnoll hits you with a +0 flail. The gnoll closely misses you.
You are too injured to fight recklessly!
You are too injured to fight recklessly!
You are too injured to fight recklessly!
You are too injured to fight recklessly!
You are too injured to fight recklessly!
You are too injured to fight recklessly!
You are too injured to fight recklessly!
You are too injured to fight recklessly!
You are too injured to fight recklessly!
You are too injured to fight recklessly!
You are too injured to fight recklessly!
The gnoll attacks as you move away! The gnoll hits you with a +0 flail!
* * * LOW HITPOINT WARNING * * *
The gnoll hits you with a +0 spear.
* * * LOW HITPOINT WARNING * * *
You aren't carrying any potions.
Okay, then.
Sorry, you're not good enough to have a special ability.
You don't know any spells.
You slash the gnoll!
The gnoll is severely wounded.
The gnoll hits you with a +0 flail.
You die...

...... .< #.............#
......##..### #..............
.........#.. ##.#..........##
....#.... ###..#.#...#.....#
..#....####...#............#
#.....g....###..#†.<......##
#####.....####.##...#..........#
#...........##g##.....##.####..
#......<###...g@.........#####.#
#.....g.# ####..................
#.....g#####.............#####.#
#............#...........#
#.....######..............
#.....# #.....###..#..## #.....#
..(#.## #...#.#
####.######.#...# #.#.#..
##.##.....$... #....##


You could see 2 gnolls.

Vanquished Creatures
  A gnoll (D:1)
  A dart slug (D:2)
  3 ball pythons (D:1)
  A bat (D:1)
  An endoplasm (D:2)
  A giant cockroach (D:1)
  5 goblins (D:1)
  A hobgoblin (D:1)
  A kobold (D:1)
  A quokka (D:1)
  3 frilled lizards (D:1)
  2 rats
21 creatures vanquished.

Notes
Turn   | Place    | Note
-------+----------+-------------------------------------------
     0 | D:1      | purpskrrrp the Demigod Warper began the quest for the Orb.
     0 | D:1      | Reached XP level 1. HP: 17/17 MP: 5/5
   249 | D:1      | Reached XP level 2. HP: 24/24 MP: 7/7
   260 | D:1      | Identified a scroll of acquirement
   260 | D:1      | Acquired the +2 pair of gloves of Hihoet {rF+ Will+++ MP+9
                  | Int-2}
  1000 | D:2      | Reached XP level 3. HP: 30/30 MP: 8/8
  1026 | D:2      | Slain by a gnoll

Illustrated notes

Levels and vault maps discovered:
D:1:      amcnicky_arrival_abandoned_market, layout_basic,
          minmay_shallow_snake_nest
D:2:      layout_rooms, uniq_terence

Skill      XL: |  1 |
---------------+----+-----
Fighting       | 2 |  2.6
Long Blades    | 2 |  2.6
Throwing       | |  0.8
Armour         | |  0.8
Dodging        | |  1.7
Spellcasting   | |  1.7
Translocations | |  2.6

Action                   || total
-------------------------++-------
Melee: Falchion          ||    79
       Punch             ||     1
Throw: Boomerang         ||     3
  Use: Scroll            ||     6
Armor: Leather armour    ||    27
Dodge: Dodged            ||    48

Table legend: (Time is in decaauts)
 A = Elapsed time spent in this place.
 B = Non-inter-level travel time spent in this place.
 C = Inter-level travel time spent in this place.
 D = Time resting spent in this place.
 E = Time spent auto-exploring this place.
 F = Levels seen in this place.
 G = Mean time per level.
                   A        B        C        D        E       F      G
               +--------+--------+--------+--------+--------+-----+--------+
         Total |   1041 |    954 |     87 |    196 |    520 |   2 |  520.5 |
       Dungeon |   1041 |    954 |     87 |    196 |    520 |   2 |  520.5 |
               +--------+--------+--------+--------+--------+-----+--------+

Top non-repeatable levels by time:
     D:1: 950 daAuts
     D:2: 91 daAuts
